Map: Magannatha LE

Players

ManlyManMeat - Winner!

  • Race: Zerg Zerg
  • League: Diamond
  • Spawn Location: 11:00

ISRAEL

  • Race: Zerg Zerg
  • League: Diamond
  • Spawn Location: 5:00

VOD

Have the link to the VOD?

Description

Time

  • Played on: July 9, 2025, 11:21 a.m.
  • Length: 7:24
Show
View Real Time Build Order
Export as new Build Order

ManlyManMeat Zerg - Winner!

Build Orders: Hatch First 

Get SALT Encoding   

  12  0:00  Drone  
  13  0:08  Drone  
  13  0:13  Extractor  
  13  0:16  Drone  
  15  0:22  Overlord  
  15  0:41  Drone  
  17  0:50  Drone  
  17  0:59  Hatchery  
  17  1:00  Drone x2  
  18  1:15  Spawning Pool  
  18  1:16  Extractor  
  18  1:17  Drone  
  17  1:20  Drone  
  18  1:27  Drone  
  19  1:36  Drone  
  20  1:47  Drone  
  21  1:59  Overlord  
  21  2:10  Queen x2  
  21  2:11  Zergling x2  
  21  2:12  Zergling x2  
  27  2:20  Metabolic Boost  
  27  2:26  Zergling x4  
  29  2:42  Hatchery  
  28  2:50  Drone  
  28  2:51  Drone x2, Baneling Nest  
  31  2:55  Drone  
  31  3:03  Zergling x4  
  33  3:17  Drone, Overlord  
  33  3:18  Drone  
  33  3:19  Overlord  
  32  3:43  Baneling x2  
  32  3:47  Drone x4  
  32  3:48  Drone, Roach Warren, Extractor  
  32  4:11  Drone x3  
  32  4:13  Zergling x6  
  32  4:14  Zergling x2  
  39  4:17  Zergling x6  
  39  4:21  Drone  
  39  4:22  Drone x2, Evolution Chamber  
  44  4:33  Queen  
  44  4:38  Roach x4  
  54  4:42  Drone x2  
  55  5:02  Drone, Overlord x2  
  55  5:03  Overlord  
  55  5:09  Zerg Missile Weapons Level 1  
  55  5:10  Lair  
  55  5:11  Overlord  
  55  5:12  Drone  
  56  5:21  Drone x5  
  61  5:33  Baneling  
  61  5:34  Baneling  
  57  5:37  Roach x5  
  57  5:42  Roach x2  
  71  5:46  Extractor  
  70  5:54  Roach x5  
  79  6:04  Roach x2  
  83  6:05  Zergling x8  
  78  6:21  Roach x4  
  80  6:29  Roach x2  
  84  6:35  Baneling  
  84  6:46  Overlord x3, Roach x3  
  90  6:51  Baneling  
Show
View Real Time Build Order
Export as new Build Order

ISRAEL Zerg 

Build Orders: Hatch First 

Get SALT Encoding   

  12  0:00  Drone  
  13  0:08  Drone  
  14  0:23  Extractor  
  14  0:24  Extractor  
  14  0:25  Drone  
  14  0:26  Drone  
  16  0:48  Hatchery  
  15  1:01  Extractor  
  14  1:06  Spawning Pool  
  14  1:07  Overlord  
  13  1:12  Drone  
  13  1:18  Extractor  
  13  1:20  Drone  
  15  1:28  Drone  
  15  1:32  Drone  
  17  1:40  Drone  
  18  1:51  Drone  
  18  1:53  Queen  
  21  2:00  Overlord  
  21  2:06  Metabolic Boost  
  21  2:12  Zergling x2  
  22  2:22  Queen  
  24  2:29  Evolution Chamber  
  23  2:32  Zergling x2  
  24  2:43  Drone x3  
  27  2:44  Drone  
  28  2:58  Drone x2  
  28  2:59  Drone  
  28  3:04  Drone  
  28  3:05  Drone x2  
  34  3:12  Zergling x4  
  36  3:23  Spine Crawler  
  36  3:25  Zerg Melee Weapons Level 1  
  31  3:43  Drone x4  
  31  3:44  Drone  
  31  3:46  Overlord  
  36  3:55  Evolution Chamber  
  35  4:06  Spine Crawler  
  25  4:14  Zergling x6  
  25  4:15  Baneling Nest  
  27  4:20  Zergling x2  
  27  4:21  Zergling x6  
  31  4:38  Zergling x8  
  33  4:41  Hatchery  
  34  4:46  Zergling x4  
  34  4:51  Zerg Ground Armor Level 1  
  35  4:58  Zergling x2  
  35  4:59  Zergling x2  
  37  5:04  Zergling x4  
  39  5:13  Baneling x5  
  39  5:20  Zergling x4  
  39  5:21  Zergling x2  
  42  5:27  Overlord  
  42  5:39  Zergling x4  
  42  5:40  Overlord  
  44  5:49  Lair  
  40  5:58  Zergling x2  
  40  5:59  Zergling x2  
  42  6:07  Drone x3  
  29  6:27  Drone  
  29  6:28  Drone x4  
  34  6:38  Zergling x4  
  36  6:46  Zergling x6  
  35  6:52  Zergling x2  
  35  6:53  Zergling x2  
  37  6:56  Zergling x2  
  37  6:58  Zergling x2  
Tags
 
Add a new tag
Caveats
  • Supply blocks, unpowered buildings, or Contaminate may cause inaccurate times.
  • Supply counts are checked every 10 seconds.